 Dungeon Crawl Stone Soup version 0.22.1-1-ga44c0e5 (webtiles) character file.

8990 Godammit the Thaumaturge (level 11, -4/70 HPs)
             Began as an Octopode Venom Mage on Oct 28, 2018.
             Was an Elder of Ashenzari.
             Slain by a manticore (14 damage)
             ... on level 11 of the Dungeon.
             The game lasted 01:06:51 (16024 turns).

Godammit the Thaumaturge (Octopode Venom Mage)     Turns: 16024, Time: 01:06:54

Health: -4/70      AC:  1    Str: 15    XL:     11   Next: 39%
Magic:  15/33      EV: 17    Int: 19    God:    Ashenzari [****..]
Gold:   668        SH:  0    Dex: 15    Spells: 17/29 levels left

rFire    . . .     SeeInvis +   s - +3 glaive (curse)
rCold    . . .     Gourm    .   (shield currently unavailable)
rNeg     . . .     Faith    .   (helmet restricted)
rPois    .         Spirit   .   (no amulet)
rElec    .         Reflect  .   w - ring "Ruischeosh" {+Inv MR- MP+9 Str+8 Slay-2}
rCorr    .         Harm     .   (no ring)
MR       .....     Clarity  +   (no ring)
Stlth    +++.......             (no ring)
HPRegen  0.21/turn              (no ring)
MPRegen  0.23/turn              (no ring)
                                (no ring)
                                (no ring)

@: barbed spikes, very slightly contaminated
A: almost no armour, stealthy swim, amphibious, 8 rings, constrict 8, camouflage
1, gelatinous body 1
a: Curse Item, Scrying, Renounce Religion, Evoke Invisibility


You were on level 11 of the Dungeon.
You worshipped Ashenzari.
Ashenzari was greatly pleased with you.
You were hungry.

You visited 1 branch of the dungeon, and saw 11 of its levels.
You also visited: Bailey.

You collected 668 gold pieces.

Inventory:

Hand Weapons
 g - a +2 dagger of electrocution
 s - a cursed +3 glaive (weapon)
Missiles
 u - 3 throwing nets
 x - 42 tomahawks of returning (quivered)
Jewellery
 w - the ring "Ruischeosh" (left tentacle) {+Inv MR- MP+9 Str+8 Slay-2}
   (You found it on level 7 of the Dungeon)

   [ring of magical power]

   It affects your strength (+8).
   It affects your accuracy and damage with ranged weapons and melee attacks
   (-2).
   It affects your resistance to hostile enchantments.
   It affects your magic capacity (+9).
   It lets you turn invisible.
Wands
 l - a wand of flame (5)
 z - a wand of disintegration (13)
 B - a wand of iceblast (10)
Scrolls
 c - a scroll of enchant armour
 d - 2 scrolls of fear
 m - 6 scrolls of remove curse
 r - a scroll of magic mapping
 y - 2 scrolls of identify
 C - a scroll of holy word
Potions
 a - 2 potions of haste
 e - 2 potions of ambrosia
 h - a potion of berserk rage
 i - 4 potions of flight
 j - 4 potions of curing
 k - 2 potions of cancellation
 o - a potion of might
 p - 2 potions of magic
 t - a potion of heal wounds {unknown}
 v - 4 potions of lignification
Miscellaneous
 n - a fan of gales
Comestibles
 b - 15 rations


   Skills:
 + Level 4.6 Fighting
 - Level 0.1 Short Blades
 + Level 8.8(13.2) Polearms
 - Level 0.3 Throwing
 * Level 5.9 Dodging
 + Level 3.4 Stealth
 + Level 9.7 Spellcasting
 * Level 4.2 Conjurations
 - Level 2.1 Air Magic
 + Level 7.4 Poison Magic
 - Level 3.0 Evocations


You had 17 spell levels left.
You knew the following spells:

 Your Spells              Type           Power        Failure   Level  Hunger
a - Sting                 Conj/Pois      ####         1%          1    None
b - Poisonous Vapours     Pois/Air       ####..       1%          2    None
c - Olgreb's Toxic Radia  Pois           #####...     3%          4    ###....
d - Venom Bolt            Conj/Pois      ####......   19%         5    #####..

Your spell library contained the following spells:

 Spells                   Type           Power        Failure   Level  Hunger
 Mephitic Cloud           Conj/Pois/Air  ####....     3%          3    None


Dungeon Overview and Level Annotations

Branches:
Dungeon (11/15)            Temple (0/1) D:6            Lair (0/6) D:8
    Orc (0/2) D:10

Altars:
Ashenzari
Cheibriados
Qazlal
Sif Muna
Trog
Vehumet

Annotations:
D:2 exclusion: 2 downstairs
D:4 Grinder
D:6 2 runed doors, sbiou's ghost, amateur HuNe
D:8 exclusion: 2 downstairs
D:10 exclusion: downstairs


Innate Abilities, Weirdness & Mutations

You cannot wear most types of armour.
You are very stealthy in the water. (Stealth+)
You are amphibious.
You can wear up to eight rings at the same time.
You can use your tentacles to constrict eight enemies at once.
Your skin changes colour to match your surroundings (Stealth+).
Your rubbery body absorbs attacks. (AC +1, EV +1)


Message History

Poisonous vapours surround the manticore!
The manticore looks as sick as possible!
Casting: Poisonous Vapours (safe; 1% risk of failure)
Confirm with . or Enter, or press ? or * to list all spells.
Aiming: Poisonous Vapours (safe; 1% risk of failure)
Press: ? - help, Dir - move target cursor, f/p - manticore
Aim: a manticore (heavily wounded, poisoned) Poisonous vapours surround the manticore!
The manticore is engulfed in poison gas.
The manticore looks as sick as possible!
You hit the manticore. Your squeeze misses the manticore.
The manticore is severely wounded.
The manticore bites you! The manticore claws you. x2
You hit the manticore but do no damage.
You squeeze the manticore, but do no damage.
The manticore is severely wounded.
The manticore bites you!!
* * * LOW HITPOINT WARNING * * *
The manticore claws you!
You die...

#######################
##.........<...........#
##...........@H..........
##........................
##.........................
*
##..........................
#......)....................
, *
..................###.......
..................# .......
......###.........###.......
...[..* #...................
,,


You could see a manticore.

Vanquished Creatures
  A two-headed ogre (D:9)
  Pikel (D:7)
  An orc knight (Bailey)
  An ugly thing (D:10)
  A queen bee (D:9)
  2 trolls
  A hippogriff (D:8)
  A hungry ghost (D:9)
  Menkaure (D:6)
  3 wargs
  3 slaves (D:7)
  A black bear (D:8)
  9 orc warriors
  A necrophage (D:6)
  3 ice beasts (D:9)
  2 sky beasts
  7 ogres
  A phantom (D:8)
  3 centaurs
  4 big kobolds
  5 bullfrogs
  A scorpion (D:8)
  18 killer bees
  5 howler monkeys
  2 bullfrog zombies
  6 crimson imps
  2 hounds
  2 bullfrog skeletons
  A jelly (D:9)
  11 orc priests
  A centaur skeleton (D:7)
  2 iguanas (D:8)
  Natasha (thrice) (D:3)
  12 orc wizards
  7 worker ants
  2 worker ant zombies
  12 gnolls
  5 adders
  3 shadow imps
  An ooze (D:1)
  2 adder skeletons
  2 adder zombies
  A worm (D:2)
  2 dart slugs
  2 leopard geckos
  22 orcs
  3 bats
  4 giant cockroaches
  15 goblins
  16 hobgoblins
  15 jackals
  37 kobolds
  11 quokkas
  3 frilled lizards
  A jackal skeleton (D:5)
  A leopard gecko zombie (D:9)
  A quokka skeleton (D:4)
  A quokka zombie (D:9)
  7 rats
294 creatures vanquished.

Vanquished Creatures (others)
  A crimson imp (D:11)
1 creature vanquished.

Grand Total: 295 creatures vanquished

Notes
Turn   | Place    | Note
-------+----------+-------------------------------------------
     0 | D:1      | Godammit the Octopode Venom Mage began the quest for the
                  | Orb.
     0 | D:1      | Reached XP level 1. HP: 11/11 MP: 3/3
   478 | D:1      | Reached XP level 2. HP: 15/17 MP: 3/5
   502 | D:1      | Learned a level 2 spell: Poisonous Vapours
  1179 | D:1      | Reached XP level 3. HP: 21/21 MP: 4/6
  2035 | D:2      | Reached skill level 1 in Air Magic
  2035 | D:2      | Reached skill level 5 in Poison Magic
  2035 | D:2      | Reached XP level 4. HP: 19/27 MP: 5/7
  2387 | D:2      | Found a faded altar of an unknown god.
  2869 | D:3      | Noticed Natasha
  2872 | D:3      | Killed Natasha
  2872 | D:3      | Reached skill level 3 in Spellcasting
  2872 | D:3      | Reached XP level 5. HP: 23/31 MP: 2/9
  3562 | D:2      | Learned a level 4 spell: Olgreb's Toxic Radiance
  3964 | D:3      | Noticed Natasha
  3966 | D:3      | Killed Natasha
  3972 | D:3      | Noticed Natasha
  3975 | D:3      | Killed Natasha
  3975 | D:3      | Reached XP level 6. HP: 37/37 MP: 1/11
  4301 | D:3      | Reached skill level 4 in Spellcasting
  4696 | D:4      | Found a shattered altar of Ashenzari.
  4701 | D:4      | Reached skill level 1 in Polearms
  4722 | D:4      | Became a worshipper of Ashenzari the Shackled
  4973 | D:4      | Reached XP level 7. HP: 7/42 MP: 3/13
  5296 | D:4      | Reached skill level 1 in Fighting
  5337 | D:4      | Noticed Grinder
  5340 | D:4      | Paralysed by Grinder for 6 turns
  5347 | D:5      | Entered Level 5 of the Dungeon
  5347 | D:5      | Found a bloodstained altar of Trog.
  6192 | D:5      | Reached skill level 5 in Spellcasting
  6417 | D:5      | Reached XP level 8. HP: 50/50 MP: 4/15
  6683 | D:5      | Reached * piety under Ashenzari
  6876 | D:5      | Found a deep blue altar of Sif Muna.
  6953 | D:6      | Noticed Menkaure
  6957 | D:6      | Killed Menkaure
  6997 | D:6      | Found a runed door.
  6999 | D:6      | Noticed sbiou's ghost (amateur HuNe)
  7020 | D:6      | Found a runed door.
  7036 | D:6      | Found a staircase to the Ecumenical Temple.
  7234 | D:6      | Reached skill level 6 in Spellcasting
  7609 | D:6      | Reached skill level 5 in Polearms
  7929 | D:7      | Reached XP level 9. HP: 54/54 MP: 9/18
  8179 | D:7      | Identified the ring "Ruischeosh" {+Inv MR- MP+9 Str+8
                  | Slay-2}
  8525 | D:7      | Found a radiant altar of Vehumet.
  8528 | D:7      | Found a snail-covered altar of Cheibriados.
  8531 | D:7      | Found a stormy altar of Qazlal.
  8629 | D:7      | Reached skill level 1 in Evocations
  8863 | D:7      | Noticed Pikel
  8889 | D:7      | Killed Pikel
  8889 | D:7      | Reached skill level 7 in Spellcasting
  9523 | D:7      | Reached ** piety under Ashenzari
  9628 | D:6      | Noticed a rust devil
  9628 | D:6      | Noticed a rust devil
 10096 | D:8      | Found a flagged portal.
 10105 | Bailey   | Entered a bailey
 10296 | Bailey   | Noticed an orc knight
 10345 | Bailey   | Killed an orc knight
 10345 | Bailey   | Reached skill level 8 in Spellcasting
 10345 | Bailey   | Reached XP level 10. HP: 63/63 MP: 14/22
 11084 | D:8      | Found a staircase to the Lair.
 11228 | D:8      | Learned a level 5 spell: Venom Bolt
 12073 | D:9      | Noticed a two-headed ogre
 12120 | D:9      | Killed a two-headed ogre
 12120 | D:9      | Reached skill level 5 in Dodging
 12120 | D:9      | Reached skill level 9 in Spellcasting
 13062 | D:9      | Reached XP level 11. HP: 69/69 MP: 20/24
 13582 | D:9      | Reached *** piety under Ashenzari
 13947 | D:10     | Entered Level 10 of the Dungeon
 13977 | D:10     | Found a staircase to the Orcish Mines.
 15203 | D:10     | Reached **** piety under Ashenzari
 15249 | D:11     | Noticed a manticore
 15254 | D:11     | Noticed a cyclops
 15370 | D:11     | Noticed a cyan ugly thing
 15406 | D:10     | Killed a cyan ugly thing
 15638 | D:10     | HP: 3/70 [troll (12)]
 16014 | D:11     | Noticed a manticore
 16024 | D:11     | Slain by a manticore

Skill      XL: |  1  2  3  4  5  6  7  8  9 10 11 |
---------------+----------------------------------+-----
Poison Magic   | 4 5 6 7 |  7.4
Air Magic      | 1 2 |  2.1
Spellcasting   | 3 4 5 6 8 9 |  9.7
Polearms       | 1 2 5 7 8 |  8.8
Fighting       | 1 2 3 4 |  4.6
Evocations     | 3 |  3.0
Dodging        | 4 5 |  5.9
Stealth        | 3 |  3.4
Conjurations   | 3 4 |  4.2
Short Blades   | |  0.1
Throwing       | |  0.3

Action                   |  1- 3 |  4- 6 |  7- 9 | 10-12 || total
-------------------------+-------+-------+-------+-------++-------
Melee: Unarmed           |    44 |       |       |       ||    44
       Constrict         |    18 |    11 |    26 |    21 ||    76
       Tentacles         |    14 |     3 |    21 |    22 ||    60
       Spear             |     8 |       |       |       ||     8
       Dagger            |     1 |    19 |       |       ||    20
       Glaive            |       |    37 |   120 |   168 ||   325
Throw: Tomahawk          |       |       |       |    24 ||    24
       Javelin           |       |       |       |     3 ||     3
 Cast: Sting             |    16 |       |       |       ||    16
       Poisonous Vapours |    14 |    32 |    53 |    76 ||   175
       Olgreb's Toxic Ra |       |     6 |    31 |    51 ||    88
Invok: Curse Item        |       |     1 |       |       ||     1
Evoke: Wand              |       |       |       |    10 ||    10
  Use: Potion            |       |     1 |     5 |       ||     6
       Scroll            |       |     1 |     8 |    11 ||    20
 Stab: Sleeping          |     5 |     3 |     3 |     1 ||    12
       Distracted        |       |       |     1 |     2 ||     3
  Eat: Chunk             |     4 |     8 |    14 |    22 ||    48
       Ration            |       |     1 |     2 |     1 ||     4
Armor: Skin              |     5 |       |     7 |     5 ||    17
Dodge: Dodged            |    40 |    31 |   120 |   108 ||   299
